 Dungeon Crawl Stone Soup version 0.27-a0-1185-ga233589e6f (webtiles) character file.

Game seed: 15419487877724215943

128300 4Hooves2Appendages the Nimble (level 16, -3/126 HPs)
             Began as a Spriggan Fire Elementalist on May 15, 2021.
             Was a High Priest of Nemelex Xobeh.
             Slain by a scorpion (7 damage)
             ... on level 2 of the Spider Nest on May 19, 2021.
             The game lasted 09:05:29 (56743 turns).

4Hooves2Appendages the Nimble (SpFE)               Turns: 56743, Time: 09:05:30

Health: -3/126     AC: 32    Str:  8    XL:     16   Next: 48%
Magic:  26/26      EV:  4    Int: 21    God:    Nemelex Xobeh [*****.]
Gold:   2165       SH:  0    Dex: 23    Spells: 1/28 levels left

rFire    + . .     SeeInvis +   d - +5 dagger of Honour {venom, *Noise rElec rN+ Str+4}
rCold    . . .     Faith    .   (shield restricted)
rNeg     + + +     Spirit   .   (armour currently unavailable)
rPois    +         Reflect  +   (helmet currently unavailable)
rElec    +         Harm     .   (cloak currently unavailable)
rCorr    .         Rampage  .   (gloves unavailable)
Will     ++...     NoTele   +   (boots unavailable)
Stlth    ++........             r - amulet of reflection
HPRegen  0.31/turn              T - ring "Xuig" {rF+ rN++ AC+4 Dex+5}
MPRegen  0.20/turn              x - ring of poison resistance

@: confused, lethally poisoned (-3 -> -6), tree-form, on berserk cooldown,
hasted and slowed, invisible
A: stationary, stasis, torment immunity, boosted hp, very small, no large
weapons, unfitting armour, see invisible, (speed 3)
a: Renounce Religion, Draw Escape, Draw Destruction, Draw Summoning, Triple
Draw, Deal Four, Stack Five


You were on level 2 of the Spider Nest.
You worshipped Nemelex Xobeh.
Nemelex Xobeh was extremely pleased with you.
You were a tree.
You visited 6 branches of the dungeon, and saw 28 of its levels.
You also visited: Ice Cave and Volcano.

You collected 3493 gold pieces.
You spent 1328 gold pieces at shops.

Inventory:

Hand Weapons
 a - the +6 short sword of Huynew {freeze, Will+}
   (You bought it in a shop on level 3 of the Dungeon)

   It has been specially enchanted to freeze those struck by it, causing extra
   injury to most foes and up to half again as much damage against particularly
   susceptible opponents.
   It can also slow down cold-blooded creatures.
   It increases your willpower.
 b - a +1 fustibalus of flaming
 d - the +5 dagger of Honour (weapon) {venom, *Noise rElec rN+ Str+4}
   (You found it on level 2 of the Shoals)

   It poisons the flesh of those it strikes.
   It affects your strength (+4).
   It insulates you from electricity.
   It protects you from negative energy.
   It may make noises in combat.
 l - a +6 short sword of electrocution
Missiles
 e - 2 throwing nets
 g - 12 atropa-tipped darts
 m - 11 boomerangs of dispersal
 A - 152 sling bullets
 P - 81 poisoned darts (quivered)
 Q - 383 stones
 R - 11 curare-tipped darts
Armour
 K - +0 steam dragon scales (melded)
 M - a +2 hat (melded)
 Z - a +0 cloak (melded)
Magical Staves
 s - a staff of air
Jewellery
 r - an amulet of reflection (around neck)
 x - a ring of poison resistance (right branch)
 E - a ring of protection from cold
 F - the ring "Noroel" {rF+ Slay+3 SInv Stlth+}
   (You bought it in a shop on level 2 of the Orcish Mines)

   [ring of protection from fire]

   It affects your accuracy and damage with ranged weapons and melee attacks
   (+3).
   It protects you from fire.
   It lets you see invisible.
   It makes you more stealthy.
 T - the ring "Xuig" (left branch) {rF+ rN++ AC+4 Dex+5}
   (You found it on level 7 of the Dungeon)

   [ring of protection]

   It affects your AC (+4).
   It affects your dexterity (+5).
   It protects you from fire.
   It greatly protects you from negative energy.
Wands
 i - a wand of iceblast (24)
 n - a wand of acid (19)
 o - a wand of mindburst (12)
 p - a wand of polymorph (26)
 B - a wand of paralysis (14)
 Y - a wand of digging (2)
Scrolls
 c - a scroll of holy word
 f - 4 scrolls of teleportation
 h - a scroll of vulnerability {unknown}
 v - 4 scrolls of summoning
 y - 2 scrolls of amnesia
 z - a scroll of silence {unknown}
 G - 3 scrolls of fog
 I - a scroll of fear
 O - 2 scrolls of magic mapping
 U - 2 scrolls of acquirement {unknown}
 W - 7 scrolls of immolation
 X - a scroll of torment {unknown}
Potions
 k - 3 potions of heal wounds
 q - a potion of mutation {unknown}
 t - 7 potions of might
 u - 4 potions of brilliance
 w - 4 potions of haste
 D - 3 potions of resistance
 H - a potion of lignification
 J - 2 potions of flight {unknown}
 L - 4 potions of berserk rage
 N - 2 potions of cancellation
 V - 2 potions of ambrosia {unknown}
Miscellaneous
 S - a phantom mirror


   Skills:
 - Level 9.0 Fighting
 - Level 8.0 Short Blades
 - Level 9.8(10.0) Slings
 - Level 9.0 Bows
 - Level 2.0(5.5) Throwing
 - Level 4.0 Armour
 + Level 13.6 Dodging
 - Level 13.0 Stealth
 - Level 6.5 Spellcasting
 - Level 5.0 Conjurations
 - Level 8.0 Hexes
 - Level 1.0 Summonings
 - Level 1.0 Necromancy
 - Level 5.0 Translocations
 - Level 4.0 Transmutations
 - Level 6.0 Fire Magic
 - Level 2.0 Ice Magic
 - Level 3.0 Air Magic
 - Level 2.0 Earth Magic
 - Level 4.0 Poison Magic
 - Level 13.0 Invocations
 - Level 9.0 Evocations


You had one spell level left.
You knew the following spells:

 Your Spells              Type           Power      Damage    Failure   Level
a - Apportation           Tloc           54%        N/A       1%          1
b - Ensorcelled Hibernat  Hex/Ice        54%        N/A       1%          2
c - Animate Skeleton      Necr           22%        N/A       6%          1
d - Inner Flame           Hex/Fire       36%        N/A       1%          3
e - Summon Small Mammal   Summ           44%        N/A       6%          1
f - Conjure Flame         Conj/Fire      29%        6-21      3%          3
g - Mephitic Cloud        Conj/Pois/Air  23%        N/A       5%          3
h - Tukima's Dance        Hex            40%        N/A       1%          3
i - Ignite Poison         Fire/Tmut/Pois 26%        N/A       4%          3
p - Passwall              Tmut/Erth      15%        N/A       4%          2
s - Sticky Flame          Conj/Fire      29%        2d5       10%         4
F - Foxfire               Conj/Fire      100%       2x1d9     1%          1

Your spell library contained the following spells:

 Spells                   Type           Power      Damage    Failure   Level
 Corona                   Hex            44%        N/A       1%          1
 Magic Dart               Conj           100%       1d8       1%          1
 Shock                    Conj/Air       92%        1d8       1%          1
 Sting                    Tmut/Pois      92%        1d7       1%          1
 Sandblast                Erth           30%        2d9       4%          1
 Searing Ray              Conj           54%        3d5       1%          2
 Confusing Touch          Hex            40%        N/A       1%          3
 Dazzling Flash           Conj/Hex       68%        N/A       1%          3
 Static Discharge         Conj/Air       23%        N/A       2%          2
 Poisonous Vapours        Pois/Air       42%        N/A       3%          2
 Fulminant Prism          Conj/Hex       17%        3d11      6%          4
 Stone Arrow              Conj/Erth      42%        3d9       7%          3
 Swiftness                Air            19%        N/A       9%          3
 Call Imp                 Summ           11%        N/A       10%         2
 Frozen Ramparts          Ice            30%        1d5       12%         3
 Iskenderun's Mystic Bla  Conj/Tloc      27%        2d7       12%         4
 Leda's Liquefaction      Hex/Erth       13%        N/A       12%         4
 Passage of Golubria      Tloc           N/A        N/A       12%         4
 Airstrike                Air            9%         N/A       26%         4
 Petrify                  Tmut/Erth      19%        N/A       26%         4
 Fireball                 Conj/Fire      14%        3d8       26%         5
 Bolt of Magma            Conj/Fire/Erth 12%        4d8       41%         5
 Animate Armour           Summ/Erth      26%        N/A       45%         4
 Lightning Bolt           Conj/Air       11%        1d24      45%         5
 Lee's Rapid Deconstruct  Erth           7%         3d8*      75%         5
 Eringya's Noxious Bog    Tmut/Pois      11%        N/A       95%         6
 Iron Shot                Conj/Erth      10%        9d3       98%         6
 Statue Form              Tmut/Erth      12%        N/A       99%         6
 Shadow Creatures         Summ           N/A        N/A       100%        6
 Spellforged Servitor     Conj/Summ      9%         N/A       100%        7
 Discord                  Hex            20%        N/A       100%        8
 Shatter                  Erth           7%         3d10*     100%        9


Dungeon Overview and Level Annotations

Branches:
Dungeon (13/15)            Temple (1/1) D:6            Lair (6/6) D:11
 Shoals (4/4) Lair:2       Spider (2/4) Lair:4        Slime (0/5) Lair:5
    Orc (2/2) D:10            Elf (0/3) Orc:2        Vaults (0/5) D:13
  IceCv (visited)         Volcano (visited)

Altars:
Ashenzari
Cheibriados
Dithmenos
Elyvilon
Fedhas
Gozag
Hepliaklqana
Kikubaaqudgha
Makhleb
Nemelex Xobeh
Okawaru
Qazlal
Ru
Sif Muna
Trog
Uskayaw
Vehumet
Wu Jian
Xom
Yredelemnul
Zin
The Shining One
Beogh
Jiyva

Shops:
D:1 [   D:3 (   D:9 *   Orc:2 :==*

Portals:
Trove: D:12 (give 8 potions of haste)

Annotations:
D:9 Wow, nasty shaft!
D:12 RUPERT!, exclusions: hog and 2 more exclusions, Rupert
D:13 exclusions: boulder beetle and 1 more exclusion
Lair:2 exclusion: oklob plant
Lair:4 exclusion: downstairs
Lair:5 exclusion: downstairs
Lair:6 exclusions: lindwurm and 4 more exclusions
Shoals:1 exclusion: wind drake
Shoals:3 exclusion: downstairs
Shoals:4 exclusion: upstairs
Spider:1 exclusion: 2 downstairs
Spider:2 exclusions: demonic crawler and moth of wrath


Innate Abilities, Weirdness & Mutations

You are a tree.
Your roots penetrate the ground, keeping you stationary.
You cannot be teleported.
You are immune to unholy pain and torment.
Your maximum health is greatly increased.
Your equipment is partially melded.
You are very small and have problems with some larger weapons.
You are too small for most types of armour.
You have supernaturally acute eyesight. (SInv)
((You cover ground extremely quickly. (Speed+++)))


Message History

The scorpion stings you but does no damage.
The tarantella barely misses you.
The scorpion stings you but does no damage.
The scorpion barely misses you. The tarantella bites you.
The moth of wrath bites you!
* * * LOW HITPOINT WARNING * * *
You feel yourself speed up.
The moth of wrath looks more healthy.
The tarantella bites you but does no damage.
The scorpion stings you but does no damage.
The scorpion stings you.
* * * LOW HITPOINT WARNING * * *
The tarantella bites you but does no damage.
The scorpion stings you but does no damage.
The scorpion stings you!
* * * LOW HITPOINT WARNING * * *
You are poisoned.
The scorpion poisons you! The moth of wrath bites you!
* * * LOW HITPOINT WARNING * * *
The tarantella barely misses you. The scorpion stings you.
* * * LOW HITPOINT WARNING * * *
The scorpion stings you but does no damage.
You feel much better.
You feel sick.
The tarantella bites you but does no damage.
The scorpion stings you but does no damage.
The moth of wrath bites you!
* * * LOW HITPOINT WARNING * * *
The scorpion stings you but does no damage.
The tarantella bites you but does no damage.
The scorpion stings you but does no damage.
The moth of wrath bites you.
* * * LOW HITPOINT WARNING * * *
The scorpion stings you but does no damage.
You fade into invisibility!
You feel sick.
The tarantella bites you but does no damage.
The tarantella bites you!!
* * * LOW HITPOINT WARNING * * *
The scorpion stings you!
You die...
Your body disappears without a glow.

#### #..## #######
##... #..#..# #
##...######.....####
##.)....#.......#..##
#.......)#.........#.
##....#..#....#.#.#.#
#.s†y.(.†((#.......#
#..♣ss....#(.......#
##.s#.....#.#(......
#.^.#......(.^#..#.
#.#...#...#........
##^.#..#.....#..#.†
##..#(^.#.#<........
#^...#(((.>#..#(....
##............#..(.#
##.#.......y....#..


You could see a moth of wrath, a tarantella (berserk, poisoned) and 3 scorpions.

Vanquished Creatures
  A ghost moth (Lair:4)
  An emperor scorpion (Spider:1)
  A quicksilver ooze (Lair:5)
  An ettin (Orc:1)
  Snorg (Orc:2)
  The ghost of Haestrico the Sage, a journeyman VSSu of Sif Muna (Lair:5)
  3 vault guards (D:13)
  3 ice dragons
  4 boulder beetles
  5 hydras
  2 centaur warriors (D:13)
  A catoblepas (Lair:2)
  A merfolk aquamancer (Shoals:2)
  5 two-headed ogres
  A tengu warrior (D:13)
  A death knight (D:13)
  An alligator (Lair:6)
  The ghost of fritzmikael the Nimble, a novice DjCj of Makhleb (D:8)
  Urug (D:13)
  6 orc high priests
  Sonja (D:10)
  6 sea snakes
  A skeletal warrior (D:12)
  3 wizards (Volcano)
  2 swamp dragons
  9 orc knights
  2 lindwurms (Lair:6)
  7 harpies
  Pikel (D:7)
  10 wolf spiders
  An orc sorcerer (Orc:1)
  5 orb spiders
  4 cyclopes
  3 ugly things
  A faun (Shoals:2)
  Maurice (D:8)
  3 moths of wrath
  4 toenail golems (Volcano)
  5 manticores
  6 black mambas
  An apocalypse crab (Lair:4)
  5 water nymphs
  2 merfolk sirens (Shoals:2)
  2 ice statues (IceCv)
  2 elephants (Lair:6)
  10 torpor snails
  Joseph (D:7)
  9 cane toads
  2 gargoyles (D:12)
  3 unseen horrors
  5 demonic crawlers
  13 komodo dragons
  5 rime drakes
  13 jumping spiders
  3 trolls
  10 merfolk
  10 polar bears
  9 hornets
  3 tyrant leeches (Lair:6)
  8 blink frogs
  22 slime creatures
  A dream sheep (Shoals:1)
  3 snapping turtles
  38 redbacks
  19 tarantellas
  A shadow (D:10)
  19 yaks
  6 wraiths
  2 vampires
  Eustachio (D:5)
  A spriggan (Lair:6)
  2 wyverns
  2 water elementals (Shoals:2)
  2 basilisks
  3 steam dragons
  A golden eye (Lair:4)
  Grum (D:8)
  12 vampire mosquitoes
  6 wargs
  12 water moccasins
  14 hell hounds (Lair:6)
  Duvessa (D:4)
  3 acid dragons
  15 ice beasts
  12 black bears
  28 orc warriors
  A necrophage (D:6)
  9 ogres
  A sky beast (Lair:5)
  22 wolves
  5 centaurs
  3 lemures
  2 phantoms
  4 kobold brigands
  7 bullfrogs
  A gnoll sergeant (D:11)
  20 scorpions
  A wyvern skeleton (D:7)
  Dowan (D:4)
  2 water moccasin skeletons
  3 killer bees (D:7)
  7 electric eels
  4 wights (D:8)
  2 howler monkeys
  7 jellies
  A bullfrog zombie (D:7)
  4 centaur zombies
  2 gnoll shamans
  29 orc priests
  3 hounds
  A centaur skeleton (D:7)
  2 iguanas (D:5)
  18 orc wizards
  A hound skeleton (D:4)
  A howler monkey skeleton (D:6)
  16 gnolls
  8 adders
  A white imp (D:8)
  6 worms
  A dart slug (D:3)
  88 orcs
  A bat (D:1)
  3 bat zombies (D:8)
  6 endoplasms
  A giant cockroach (Lair:4)
  3 goblins
  6 hobgoblins
  3 jackals
  22 kobolds
  4 quokkas
  6 ball pythons
  A frilled lizard (D:2)
  5 rats
  A foxfire (Shoals:3)
805 creatures vanquished.

Vanquished Creatures (collateral kills)
  A merfolk impaler (Shoals:2)
  A vault guard (D:13)
  A hydra (Lair:6)
  2 harpies
  2 merfolk (Shoals:2)
  A warg (Lair:6)
  3 orc warriors
  A black bear (Lair:6)
  A wolf (Lair:6)
  A bullfrog (Lair:4)
  An orc priest (Orc:2)
  4 orcs
  12 foxfires
31 creatures vanquished.

Vanquished Creatures (others)
  12 dancing weapons
  1883 foxfires
  36 fungi
  129 plants
2060 creatures vanquished.

Grand Total: 2896 creatures vanquished

Notes
Turn   | Place    | Note
-------+----------+-------------------------------------------
     0 | D:1      | 4Hooves2Appendages the Spriggan Fire Elementalist began the
                  | quest for the Orb.
     0 | D:1      | Reached XP level 1. HP: 9/9 MP: 5/5
   142 | D:1      | Found a faded altar of an unknown god.
   156 | D:1      | Reached skill level 1 in Conjurations
   369 | D:1      | Reached XP level 2. HP: 13/13 MP: 4/7
   739 | D:1      | Found Zoicoruevo's Armour Emporium.
  1424 | D:2      | Reached XP level 3. HP: 16/16 MP: 4/8
  1950 | D:2      | Found a shimmering altar of Xom.
  2127 | D:3      | Found Ciyteisi's Antique Weapon Emporium.
  2364 | D:3      | Found an opulent altar of Gozag.
  2528 | D:3      | Reached skill level 1 in Fighting
  2528 | D:3      | Reached XP level 4. HP: 20/22 MP: 3/9
  2532 | D:3      | Learned a level 3 spell: Inner Flame
  2688 | D:3      | Reached skill level 1 in Hexes
  3096 | D:3      | Reached XP level 5. HP: 25/25 MP: 7/10
  3140 | D:4      | Learned a level 1 spell: Animate Skeleton
  3646 | D:5      | Entered Level 5 of the Dungeon
  3730 | D:5      | Identified Fiek's Guide on Bewitching Creation
  3735 | D:5      | Learned a level 2 spell: Ensorcelled Hibernation
  3753 | D:5      | Reached skill level 1 in Ice Magic
  3826 | D:5      | Reached XP level 6. HP: 30/30 MP: 3/11
  4031 | D:5      | Reached skill level 1 in Short Blades
  4031 | D:5      | Reached skill level 5 in Hexes
  4146 | D:5      | Noticed Eustachio
  4257 | D:4      | Found a glowing golden altar of the Shining One.
  4294 | D:4      | Reached XP level 7. HP: 33/33 MP: 9/12
  4857 | D:4      | Noticed Duvessa
  5299 | D:6      | Found a staircase to the Ecumenical Temple.
  5304 | D:6      | You fall into a shaft and drop 3 floors!
  5305 | D:9      | Upgraded the game from 0.27-a0-1158-gaa87e14f67 to
                  | 0.27-a0-1177-g245c70e1c0
  5359 | D:9      | Noticed a vampire mosquito
  5359 | D:9      | Noticed a vampire mosquito
  5359 | D:9      | Noticed a vampire mosquito
  5380 | D:9      | Learned a level 1 spell: Summon Small Mammal
  5389 | D:9      | Noticed a manticore
  5608 | D:8      | Noticed a wyvern
  5608 | D:8      | Noticed a two-headed ogre
  5631 | D:9      | Found Boidomori's Assorted Antiques.
  5725 | D:8      | Killed a two-headed ogre
  5726 | D:8      | Reached skill level 5 in Stealth
  5726 | D:8      | Reached skill level 1 in Necromancy
  5726 | D:8      | Reached XP level 8. HP: 33/39 MP: 5/13
  5923 | D:9      | Bought a glass wand for 96 gold pieces
  6388 | D:8      | Noticed a troll
  6405 | D:8      | Killed a troll
  6429 | D:8      | Found a runed translucent gate.
  6429 | D:8      | Found a runed translucent gate.
  6429 | D:8      | Found a runed translucent gate.
  6430 | D:8      | Noticed fritzmikael's ghost (novice DjCj)
  6430 | D:8      | Noticed a hornet
  6476 | Temple   | Entered the Ecumenical Temple
  6684 | Temple   | Became a worshipper of Nemelex Xobeh the Trickster
  7039 | D:4      | Reached skill level 1 in Summonings
  7267 | D:4      | Noticed Dowan
  7282 | D:4      | Killed Dowan
  7341 | D:4      | Killed Duvessa
  7342 | D:4      | Reached XP level 9. HP: 44/44 MP: 0/14
  7539 | D:4      | Identified the Grimoire of the Voyage and the Blaze
  8113 | D:5      | Reached skill level 5 in Short Blades
  8334 | D:5      | Killed Eustachio
  8714 | D:5      | Identified the +1 ring mail "Manurehe" {rPois Str-5 Stlth+}
  9583 | D:6      | Reached skill level 5 in Evocations
  9663 | D:6      | Reached skill level 1 in Bows
 10251 | D:7      | Noticed Joseph
 10482 | D:7      | Noticed Pikel
 10501 | D:7      | Killed Pikel
 10502 | D:7      | Reached skill level 5 in Dodging
 10627 | D:7      | Learned a level 3 spell: Conjure Flame
 10774 | D:7      | Reached XP level 10. HP: 44/49 MP: 13/17
 10812 | D:7      | Found a hazy altar of Hepliaklqana.
 10952 | D:7      | Reached * piety under Nemelex Xobeh
 10955 | D:7      | Learned a level 1 spell: Apportation
 10956 | D:7      | Identified the ring "Xuig" {rF+ rN++ AC+4 Dex+5} (You found
                  | it on level 7 of the Dungeon)
 10970 | D:7      | Received a gift from Nemelex Xobeh
 11481 | D:7      | Noticed a boulder beetle
 11778 | D:8      | Reached skill level 1 in Translocations
 11808 | D:8      | Found an ancient bone altar of Kikubaaqudgha.
 12148 | D:8      | Noticed Grum
 12166 | D:8      | Killed Grum
 12167 | D:8      | Reached skill level 5 in Fire Magic
 12171 | D:8      | Reached skill level 5 in Bows
 12191 | D:8      | Noticed Maurice
 12405 | D:7      | Found a sacrificial altar of Ru.
 12591 | D:8      | Reached skill level 1 in Invocations
 12794 | D:8      | Identified the Collected Works on Creative Toxins
 13034 | D:8      | Killed Maurice
 13206 | D:9      | Killed a manticore
 13531 | D:9      | Noticed a two-headed ogre
 13553 | D:9      | Killed a two-headed ogre
 13554 | D:9      | Reached skill level 5 in Invocations
 14132 | D:10     | Entered Level 10 of the Dungeon
 14147 | D:10     | Found a staircase to the Orcish Mines.
 14317 | D:10     | Reached XP level 11. HP: 53/53 MP: 13/18
 14471 | D:10     | Noticed Sonja
 15368 | D:10     | Reached ** piety under Nemelex Xobeh
 16005 | D:11     | Found a blossoming altar of Fedhas.
 16144 | D:11     | Reached skill level 5 in Spellcasting
 16323 | D:11     | Noticed a two-headed ogre
 16337 | D:11     | Killed a two-headed ogre
 16436 | D:11     | Noticed a two-headed ogre
 16665 | D:11     | Killed a two-headed ogre
 17320 | D:11     | Found a staircase to the Lair.
 17350 | Lair:1   | Entered Level 1 of the Lair of Beasts
 17457 | Lair:1   | Reached *** piety under Nemelex Xobeh
 17697 | Lair:1   | Reached skill level 1 in Throwing
 18313 | Lair:1   | Received a gift from Nemelex Xobeh
 19035 | Lair:2   | Reached skill level 5 in Fighting
 19237 | Lair:2   | Reached **** piety under Nemelex Xobeh
 19239 | Lair:2   | Found a staircase to the Shoals.
 19254 | Lair:2   | Noticed a catoblepas
 19380 | Lair:2   | Killed a catoblepas
 19511 | Lair:2   | Received a gift from Nemelex Xobeh
 19585 | Lair:2   | Noticed an oklob plant
 20135 | Lair:2   | Learned a level 2 spell: Passwall
 20168 | Lair:2   | Reached skill level 1 in Transmutations
 20168 | Lair:2   | Reached XP level 12. HP: 60/60 MP: 15/20
 20227 | Lair:2   | Upgraded the game from 0.27-a0-1177-g245c70e1c0 to
                  | 0.27-a0-1180-g7fc4abc71e
 20242 | Lair:2   | Reached skill level 1 in Earth Magic
 20375 | Lair:2   | Identified Vynkal's Papyrus of Congealing Venom
 21065 | Lair:3   | Received a gift from Nemelex Xobeh
 21590 | Lair:3   | Reached skill level 10 in Stealth
 22054 | Lair:4   | Reached skill level 10 in Dodging
 22709 | Lair:4   | Found a hole to the Spider Nest.
 22829 | Lair:4   | Identified the -2 hand axe of Cataclysm {antimagic, Contam
                  | Str+7}
 23412 | Lair:5   | Noticed a four-headed hydra
 23425 | Lair:5   | Killed a four-headed hydra
 23564 | Lair:5   | Found a runed translucent gate.
 23567 | Lair:5   | Found a runed translucent gate.
 23567 | Lair:5   | Found a runed translucent gate.
 23567 | Lair:5   | Noticed a quicksilver ooze
 23567 | Lair:5   | Noticed Haestrico's ghost (journeyman VSSu)
 23586 | Lair:5   | Reached ***** piety under Nemelex Xobeh
 23594 | Lair:5   | Noticed a six-headed hydra
 23599 | Lair:5   | Killed a six-headed hydra
 23656 | Lair:5   | Found a runed translucent door.
 23661 | Lair:5   | Found a viscous altar of Jiyva.
 24089 | Lair:5   | Noticed a seven-headed hydra
 24103 | Lair:5   | Killed a seven-headed hydra
 24957 | Lair:5   | Received a gift from Nemelex Xobeh
 25036 | Lair:5   | Reached skill level 10 in Invocations
 25449 | Lair:5   | Found a staircase to the Slime Pits.
 25700 | Lair:5   | Found a viscous altar of Jiyva.
 25723 | Lair:5   | Killed a quicksilver ooze
 25724 | Lair:5   | Reached skill level 1 in Armour
 25894 | Lair:6   | Entered Level 6 of the Lair of Beasts
 26166 | Lair:5   | Reached XP level 13. HP: 52/63 MP: 15/21
 27040 | Lair:5   | Killed Haestrico's ghost
 27844 | Lair:6   | Received a gift from Nemelex Xobeh
 28754 | Lair:6   | Found a runed translucent door.
 30569 | Lair:6   | Reached skill level 5 in Conjurations
 31613 | Lair:6   | Reached XP level 14. HP: 70/70 MP: 23/23
 33097 | D:12     | Noticed Rupert
 33129 | D:12     | Found a frozen archway.
 33136 | IceCv    | Entered an ice cave
 34262 | IceCv    | Upgraded the game from 0.27-a0-1180-g7fc4abc71e to
                  | 0.27-a0-1182-gee19b5822f
 35231 | D:12     | Received a gift from Nemelex Xobeh
 35318 | D:12     | Learned a level 4 spell: Sticky Flame
 35322 | D:12     | Learned a level 3 spell: Tukima's Dance
 35542 | D:12     | Found a portal to a secret trove of treasure.
 36144 | D:12     | Received a gift from Nemelex Xobeh
 36489 | Orc:1    | Entered Level 1 of the Orcish Mines
 36591 | Orc:1    | Found a dark tunnel.
 36607 | Volcano  | Entered a volcano
 36855 | Volcano  | Learned a level 3 spell: Mephitic Cloud
 37032 | Volcano  | Reached skill level 1 in Poison Magic
 37057 | Volcano  | Reached skill level 1 in Air Magic
 37069 | Volcano  | Identified the +0 long sword of Isigib {drain, rPois rN++
                  | rCorr Dex-4}
 37496 | Orc:1    | Upgraded the game from 0.27-a0-1182-gee19b5822f to
                  | 0.27-a0-1185-ga233589e6f
 38321 | Orc:2    | Entered Level 2 of the Orcish Mines
 38508 | Orc:2    | Noticed Snorg
 38677 | Orc:2    | Killed Snorg
 40526 | Orc:2    | Found a staircase to the Elven Halls.
 41169 | Orc:2    | Received a gift from Nemelex Xobeh
 41285 | Orc:2    | Reached XP level 15. HP: 78/78 MP: 17/25
 41351 | Orc:2    | Found Ecagaaka's Jewellery Boutique.
 41354 | Orc:2    | Found Istubesk's Book Boutique.
 41355 | Orc:2    | Found Bicegiul's Jewellery Shop.
 41356 | Orc:2    | Found Opsullom's General Store.
 41370 | Orc:2    | Bought a potion of invisibility for 96 gold pieces
 41370 | Orc:2    | Bought a scroll of enchant weapon for 90 gold pieces
 41370 | Orc:2    | Bought a scroll of identify for 24 gold pieces
 41370 | Orc:2    | Bought a scroll of identify for 24 gold pieces
 41563 | Orc:2    | Bought the ring "Noroel" {rF+ Slay+3 SInv Stlth+} for 774
                  | gold pieces
 42247 | Spider:1 | Entered Level 1 of the Spider Nest
 42458 | Lair:4   | Learned a level 3 spell: Ignite Poison
 43584 | Spider:1 | Noticed a ghost moth
 44509 | Lair:4   | Killed a ghost moth
 45495 | Spider:1 | Received a gift from Nemelex Xobeh
 45872 | Spider:2 | Received a gift from Nemelex Xobeh
 47422 | D:8      | Killed fritzmikael's ghost
 47685 | D:3      | Bought a bone short sword for 224 gold pieces
 47685 | D:3      | Identified the +6 short sword of Huynew {freeze, Will+}
                  | (You bought it in a shop on level 3 of the Dungeon)
 47761 | D:7      | Killed Joseph
 47934 | D:7      | Found a radiant altar of Vehumet.
 48253 | D:7      | Reached skill level 5 in Slings
 48528 | D:10     | Killed Sonja
 49058 | D:13     | Received a gift from Nemelex Xobeh
 50279 | D:13     | Noticed Urug
 50576 | D:13     | Received a gift from Nemelex Xobeh
 51068 | D:13     | Killed Urug
 51200 | D:13     | Found a gate to the Vaults.
 51703 | Shoals:1 | Entered Level 1 of the Shoals
 52032 | Shoals:2 | Received a gift from Nemelex Xobeh
 52150 | Shoals:1 | Reached XP level 16. HP: 68/84 MP: 23/26
 53539 | Shoals:2 | Reached skill level 5 in Translocations
 53962 | Shoals:2 | Received a gift from Nemelex Xobeh
 53963 | Shoals:2 | Identified the +5 dagger of Honour {venom, *Noise rElec rN+
                  | Str+4}
 54239 | Shoals:4 | Entered Level 4 of the Shoals
 55509 | Spider:2 | Received a gift from Nemelex Xobeh
 56743 | Spider:2 | HP: 4/126 [tarantella (18)]
 56743 | Spider:2 | Slain by a scorpion

Illustrated notes

Levels and vault maps discovered:
D:1:      beargit_arrival_greenhouse, layout_basic, serial_shops,
          nicolae_shop_statue_plus, shapermc_ecumenical_altar_starsandcircs,
          serial_bayou_lagoon_a, chequers_serial_rivers_micro_b,
          roderic_lattice_a, amethyst_killhole, minmay_misc_feat_rows
D:2:      layout_loops_ring, basic_altar
D:3:      minmay_inner_zag, layout_loops_cross, grunt_gozag_breadcrumbs,
          serial_shops, nicolae_shop_window_shopping
D:4:      layout_cave_pools, lemuel_crystal_altar, grunt_decor_clamped,
          uniq_duvessa
D:5:      layout_rooms, uniq_eustachio
D:6:      layout_gridville, minmay_temple_entry_grid, gup_sewer_entry_spiral
D:7:      layout_loops_cross, amcnicky_altar_gilded, nicolae_ru_awakened_eye,
          overflow_temple_1_default, nicolae_water_bricks,
          nicolae_lava_and_water, uniq_pikel, uniq_joseph
D:8:      layout_rooms, lemuel_zombie_altar_kikubaaqudgha, enter_bailey_7,
          gammafunk_ghost_split, uniq_grum, uniq_maurice
D:9:      layout_roguey, serial_shops, nicolae_shop_overgrown_old_shop
D:10:     layout_basic, minmay_orc_entry_temple_small, uniq_sonja
D:11:     layout_irregular_city, lair_entry_dummy, fedhas_altar_1
D:12:     layout_roguey, enter_trove_0, portal_ice_cave_entry_pillars_2,
          uniq_rupert, uniq_kirke
D:13:     layout_long_grid, lightli_vaults_fourway_checkpoint, uniq_urug
Temple:   regret_index_temple_sphere_string
Lair:1:   layout_layer_cave
Lair:2:   layout_long_grid, elwin_shoals_entry_rocks,
          eino_small_chamber_without_monster
Lair:3:   layout_cave_pods, grunt_megastairs_1
Lair:4:   layout_roguey, nicolae_spider_entry_non_spiders, serial_bayou_shore_b,
          lemuel_fruit_tree
Lair:5:   layout_hall_layers, slime_altar_2, gammafunk_ghost_ooze, serial_bayou,
          serial_bayou_ford_a, serial_bayou_shore_a, serial_bayou_lake_a,
          serial_bayou_lagoon_b
Lair:6:   hangedman_lair_caniforms_friends, layout_gridlike, wormcave,
          minmay_lindwurm_lava
Shoals:1: layout_shoals, gammafunk_ghost_necromancy
Shoals:2: layout_shoals
Shoals:3: layout_shoals, hangedman_shoals_cup_caves
Shoals:4: shoals_end_grunt_garden, layout_shoals,
          nicolae_shoals_kraken_intersection
Spider:1: layout_spider_delve, drop_trap, hive_lemuel
Spider:2: spiders_nest_a
Orc:1:    layout_caves, enter_volcano_1, serial_shops, kennysheep_orc_chapel
Orc:2:    st_orc_pillars, layout_diamond_mine, uniq_snorg

Skill      XL: |  1  2  3  4  5  6  7  8  9 10 11 12 13 14 15 16 |
---------------+-------------------------------------------------+-----
Conjurations   | 1 2 3 5 |  5.0
Spellcasting   | 3 4 5 6 |  6.5
Fire Magic     | 3 4 5 6 |  6.0
Fighting       | 1 2 3 4 5 6 8 9 |  9.0
Dodging        | 3 4 5 8 9 10 11 13 | 13.6
Hexes          | 2 4 5 6 7 8 |  8.0
Ice Magic      | 1 2 |  2.0
Short Blades   | 2 4 5 6 8 |  8.0
Stealth        | 9 10 12 13 | 13.0
Necromancy     | 1 |  1.0
Evocations     | 2 3 5 7 8 9 |  9.0
Summonings     | 1 |  1.0
Bows           | 4 6 9 |  9.0
Translocations | 2 4 5 |  5.0
Invocations    | 5 6 10 11 12 13 | 13.0
Throwing       | 2 |  2.0
Transmutations | 1 4 |  4.0
Earth Magic    | 2 |  2.0
Armour         | 2 4 |  4.0
Poison Magic   | 4 |  4.0
Air Magic      | 3 |  3.0
Slings         | 7 9 |  9.8

Action                   |  1- 3 |  4- 6 |  7- 9 | 10-12 | 13-15 | 16-18 || total
-------------------------+-------+-------+-------+-------+-------+-------++-------
Melee: Short sword       |    10 |    10 |    47 |    82 |   556 |   165 ||   870
       Dagger            |       |     1 |    20 |    39 |   257 |   119 ||   436
       Spear             |       |       |       |     2 |       |       ||     2
 Fire: Shortbow          |       |       |     6 |    99 |   253 |       ||   358
       Fustibalus        |       |       |       |       |    74 |    15 ||    89
Throw: Throwing net      |       |       |     1 |       |       |       ||     1
       Dart              |       |       |       |    43 |   262 |    73 ||   378
 Cast: Foxfire           |    51 |    93 |   236 |   290 |   350 |    61 ||  1081
       Ensorcelled Hiber |       |     6 |     4 |    14 |    24 |     1 ||    49
       Animate Skeleton  |       |       |    16 |    30 |    69 |    12 ||   127
       Inner Flame       |       |       |    31 |    74 |   223 |     9 ||   337
       Summon Small Mamm |       |       |     1 |       |   149 |       ||   150
       Conjure Flame     |       |       |     2 |    51 |    76 |     5 ||   134
       Apportation       |       |       |       |    36 |    20 |    31 ||    87
       Passwall          |       |       |       |    10 |    13 |       ||    23
       Tukima's Dance    |       |       |       |       |    52 |    23 ||    75
       Mephitic Cloud    |       |       |       |       |    42 |    23 ||    65
       Sticky Flame      |       |       |       |       |    20 |    34 ||    54
       Ignite Poison     |       |       |       |       |    11 |     3 ||    14
Invok: Draw Destruction  |       |       |       |    10 |    28 |     2 ||    40
       Draw Summoning    |       |       |       |     2 |     1 |       ||     3
       Draw Stack        |       |       |       |       |     2 |     3 ||     5
       Deal Four         |       |       |       |       |     2 |     1 ||     3
       Stack Five        |       |       |       |       |     1 |       ||     1
       Triple Draw       |       |       |       |       |     1 |     1 ||     2
Evoke: Wand              |       |       |     5 |     5 |    12 |     1 ||    23
       Phantom mirror    |       |       |       |       |     3 |       ||     3
  Use: Scroll            |     1 |       |     3 |    12 |    10 |     2 ||    28
       Potion            |       |       |     1 |     3 |     7 |     8 ||    19
 Stab: Sleeping          |     4 |     3 |     5 |    25 |    29 |     1 ||    67
       Paralysed         |       |       |     1 |       |       |       ||     1
       Distracted        |       |       |       |     1 |     2 |     2 ||     5
       Confused          |       |       |       |       |    26 |    12 ||    38
Armor: Robe              |       |       |     4 |     8 |     7 |       ||    19
       Steam dragon scal |       |       |       |     1 |    99 |    65 ||   165
       Skin              |       |       |       |       |       |    33 ||    33
Dodge: Dodged            |     4 |    17 |    54 |   110 |   848 |   550 ||  1583
Block: Other             |     1 |     4 |    17 |    19 |   179 |   106 ||   326
       Reflection        |       |       |     2 |     1 |     4 |     7 ||    14

Table legend: (Time is in decaauts)
 A = Elapsed time spent in this place.
 B = Non-inter-level travel time spent in this place.
 C = Inter-level travel time spent in this place.
 D = Time resting spent in this place.
 E = Time spent auto-exploring this place.
 F = Levels seen in this place.
 G = Mean time per level.
                   A        B        C        D        E       F      G
               +--------+--------+--------+--------+--------+-----+--------+
         Total |  45614 |  43424 |   2190 |  19678 |  11769 |  30 | 1520.5 |
       Dungeon |  17853 |  16669 |   1184 |   6286 |   5818 |  13 | 1373.3 |
        Temple |    141 |     96 |     45 |      0 |     93 |   1 |  141.0 |
          Lair |  16047 |  15376 |    671 |   7528 |   4182 |   6 | 2674.5 |
        Shoals |   2821 |   2776 |     45 |   1797 |      0 |   4 |  705.2 |
   Spider Nest |   2615 |   2496 |    119 |   1130 |    479 |   2 | 1307.5 |
  Orcish Mines |   3860 |   3735 |    125 |   1670 |   1135 |   2 | 1930.0 |
      Ice Cave |   1544 |   1544 |      0 |    941 |     61 |   1 | 1544.0 |
       Volcano |    729 |    729 |      0 |    325 |      0 |   1 |  729.0 |
               +--------+--------+--------+--------+--------+-----+--------+

Top non-repeatable levels by time:
  Lair:6: 4483 daAuts
  Lair:4: 4375 daAuts
  Lair:5: 3278 daAuts
   Orc:1: 2160 daAuts
Spider:1: 2023 daAuts
    D:13: 1870 daAuts
     D:9: 1781 daAuts
     D:5: 1705 daAuts
   Orc:2: 1700 daAuts
  Lair:2: 1635 daAuts
     D:7: 1623 daAuts
    D:10: 1558 daAuts
   IceCv: 1544 daAuts
Shoals:2: 1478 daAuts
    D:12: 1439 daAuts
